[Event "Titled Tuesday Blitz April 4 Early 2023"]
[White "Vidit, Santosh Gujrathi"]
[Black "Kozak, Antoni"]
[WhiteFideId "5029465"]
[BlackFideId "21832030"]
[WhiteElo "2651"]
[BlackElo "2470"]
[Result "1-0"]
[Round "09"]
[TimeControl "180+2"]
[Date "2023.04.04"]
[WhiteClock "0:00:05"]
[BlackClock "0:00:19"]

1. b3 d5 2. Bb2 Nf6 3. Nf3 c6 4. d3 Bg4 5. Nbd2 Nbd7 6. h3 Bxf3 7. Nxf3 e6 8. g3 Bb4+ 9. Nd2 h5 10. Bg2 Qa5 11. a3 Bd6 12. c4 h4 13. g4 Qc7 14. e3 Ne5 15. Qe2 Ng6 16. O-O O-O-O 17. Rfc1 Kb8 18. b4 Qe7 19. Rab1 e5 20. cxd5 cxd5 21. g5 Nh7 22. Bxd5 Nxg5 23. Bg2 Qd7 24. Qf1 Bc7 25. Nb3 Qf5 26. Nc5 Nf3+ 27. Bxf3 Qxf3 28. Qg2 Qxg2+ 29. Kxg2 Bb6 30. d4 Rh5 31. dxe5 Nxe5 32. Rc2 Rg5+ 33. Kf1 Nf3 34. Rbc1 Bxc5 35. Rxc5 Rxc5 36. Rxc5 f6 37. Bc3 Ng5 38. Rc4 Rc8 39. Rxc8+ Kxc8 40. Kg2 Kd7 41. f3 Ke6 42. Be1 Nf7 43. Bxh4 Ne5 44. Be1 b5 45. Kf2 Kd5 46. e4+ Kc4 47. Ke3 Kb3 48. f4 Nc4+ 49. Kd4 Kxa3 50. e5 fxe5+ 51. fxe5 Ka4 52. e6 Nd6 53. Kd5 Nf5 54. Kc6 Kb3 55. Kd7 Kc2 56. e7 Nxe7 57. Kxe7 g6 58. Bf2 Kd1 59. Bxa7 Kd2 60. Kf6 Kc3 61. Bc5 1-0


[Site "https://www.chess.com"]

[Event "Titled Tuesday Blitz April 4 Early 2023"]
[White "Alekseenko, Kirill"]
[Black "Gokerkan, Cem Kaan"]
[WhiteFideId "4135539"]
[BlackFideId "6336760"]
[WhiteElo "2683"]
[BlackElo "2365"]
[Result "0-1"]
[Round "09"]
[TimeControl "180+2"]
[Date "2023.04.04"]
[WhiteClock "0:00:32"]
[BlackClock "0:00:59"]

1. d4 Nf6 2. Nc3 d5 3. Bf4 e6 4. Nb5 Na6 5. e3 Be7 6. Nf3 c6 7. Nc3 Nb8 8. Bd3 c5 9. Nb5 Na6 10. c3 Bd7 11. a4 O-O 12. O-O c4 13. Be2 Bxb5 14. axb5 Nc7 15. Qa4 Bd6 16. Bxd6 Qxd6 17. b3 a6 18. b6 Nb5 19. Rfc1 Ne4 20. bxc4 Nbxc3 21. Qc2 Nxe2+ 22. Qxe2 dxc4 23. Qxc4 Qxb6 24. Rab1 Qd8 25. Rxb7 Nd6 26. Qb3 Nxb7 27. Qxb7 a5 28. Ne5 a4 29. h3 a3 30. Ra1 a2 31. Nc6 Qd6 32. Ne5 Qb8 33. Qe4 Qb2 0-1


[Site "https://www.chess.com"]

[Event "Titled Tuesday Blitz April 4 Early 2023"]
[White "Dehtiarov, Roman"]
[Black "Movahed, Sina"]
[WhiteFideId "14186640"]
[BlackFideId "42520835"]
[WhiteElo "2189"]
[BlackElo "2225"]
[Result "0-1"]
[Round "09"]
[TimeControl "180+2"]
[Date "2023.04.04"]
[WhiteClock "0:00:01"]
[BlackClock "0:00:08"]

1. d4 Nf6 2. c4 g6 3. Nc3 Bg7 4. g3 O-O 5. Bg2 d6 6. Bg5 c5 7. dxc5 Qa5 8. Bxf6 Bxf6 9. cxd6 Bxc3+ 10. bxc3 Qxc3+ 11. Kf1 exd6 12. Rc1 Qf6 13. Nh3 g5 14. Qd2 h6 15. f4 Nc6 16. Nf2 Bf5 17. g4 Bh7 18. f5 Rad8 19. Ne4 Qg7 20. h4 f6 21. hxg5 fxg5 22. Qd5+ Kh8 23. Bf3 Ne5 24. Kg2 Bxf5 25. gxf5 g4 26. Kf2 gxf3 27. Rcg1 Qh7 28. Ng5 Qxf5 29. Rxh6+ Kg7 30. Rh7+ Kg6 31. e4 Ng4+ 32. Rxg4 Qxg4 33. Ke3 f2 34. e5 f1=Q 35. Qd3+ Qxd3+ 36. Kxd3 dxe5+ 0-1


[Site "https://www.chess.com"]

[Event "Titled Tuesday Blitz April 4 Early 2023"]
[White "Kilic, Eray"]
[Black "Hovhannisyan, Robert"]
[WhiteFideId "44517173"]
[BlackFideId "13302507"]
[WhiteElo "2328"]
[BlackElo "2570"]
[Result "0-1"]
[Round "09"]
[TimeControl "180+2"]
[Date "2023.04.04"]
[WhiteClock "0:00:05"]
[BlackClock "0:00:05"]

1. e4 c6 2. Nc3 d5 3. Nf3 dxe4 4. Nxe4 Nf6 5. Nxf6+ exf6 6. d4 Bd6 7. Bd3 O-O 8. O-O Re8 9. h3 Nd7 10. Re1 Rxe1+ 11. Qxe1 Nf8 12. c4 Be6 13. Be3 Qd7 14. Qf1 Ng6 15. Rd1 Nf4 16. Bxf4 Bxf4 17. d5 cxd5 18. cxd5 Bf5 19. Bxf5 Qxf5 20. Qb5 g6 21. Qxb7 Rb8 22. Qxa7 Rxb2 23. Qd4 Qc2 24. Rf1 Be5 25. Nxe5 fxe5 26. Qxe5 Rxa2 27. Qe8+ Kg7 28. d6 Qd3 29. Qe5+ Kh6 30. Qe3+ Qxe3 31. fxe3 Kg7 32. Rd1 Ra8 33. e4 Kf6 34. e5+ Kxe5 35. d7 Rd8 36. Kf2 Ke6 37. Kg3 Rxd7 38. Re1+ Kf6 39. Rf1+ Kg7 40. Kh2 Rd4 41. Re1 Ra4 42. Re3 Ra5 43. Rf3 Ra2 44. Re3 Rb2 45. Rf3 Rb4 46. Re3 g5 47. Re5 h6 48. Rc5 Ra4 49. Rc6 Re4 50. Rc5 Kg6 51. Rc6+ Re6 52. Rc5 f5 53. Rc2 Rd6 54. Rc5 f4 55. Rc4 Rd2 56. Rc6+ Kg7 57. Rc7+ Kf6 58. Rc6+ Ke5 59. Rxh6 f3 60. Kg3 f2 0-1


[Site "https://www.chess.com"]

[Event "Titled Tuesday Blitz April 4 Early 2023"]
[White "Gurel, Ediz"]
[Black "Wagner, Dennis"]
[WhiteFideId "44507356"]
[BlackFideId "24650684"]
[WhiteElo "2352"]
[BlackElo "2470"]
[Result "1-0"]
[Round "09"]
[TimeControl "180+2"]
[Date "2023.04.04"]
[WhiteClock "0:00:23"]
[BlackClock "0:00:12"]

1. e4 c5 2. Nf3 d6 3. d4 cxd4 4. Nxd4 Nf6 5. Nc3 Nc6 6. Bg5 e6 7. Qd2 a6 8. Nxc6 bxc6 9. O-O-O Be7 10. Bc4 d5 11. Bb3 O-O 12. Rhe1 a5 13. Qe2 Ba6 14. Qf3 Nxe4 15. Bxe7 Qxe7 16. Nxe4 dxe4 17. Qxe4 c5 18. a3 Bb7 19. Qe3 Rfc8 20. Bc4 Qf6 21. f3 Ba6 22. Bxa6 Rxa6 23. Rd7 c4 24. Red1 h6 25. c3 Rb8 26. g3 Rab6 27. R1d2 e5 28. Rc7 Qe6 29. Qe4 Rc8 30. Rdd7 Rcb8 31. Re7 Qf6 32. Rxf7 Qxf7 33. Rxf7 Kxf7 34. Qxc4+ Kg6 35. b4 axb4 36. axb4 R6b7 37. Qe4+ Kf7 38. Kb2 Re7 39. Kb3 Kg8 40. c4 Rd8 41. b5 Rd4 42. Qc6 e4 43. fxe4 Rexe4 44. b6 Rd3+ 45. Kb4 Ree3 46. b7 Rb3+ 47. Kc5 Kh7 48. Qc8 Re5+ 49. Kd4 Re1 50. b8=Q Rd1+ 51. Kc5 Rxb8 52. Qxb8 Rd2 53. Qf4 Rxh2 54. Kc6 Rh5 55. c5 Rg5 56. Qxg5 hxg5 57. Kd6 Kg6 58. c6 Kf5 59. c7 Kg4 60. c8=Q+ Kxg3 61. Ke5 g4 62. Kf5 g5 63. Kxg5 Kh2 64. Qxg4 Kh1 65. Kf4 Kh2 66. Kf3 1-0


[Site "https://www.chess.com"]

[Event "Titled Tuesday Blitz April 4 Early 2023"]
[White "Rohith Krishna S"]
[Black "Corrales Jimenez, Fidel"]
[WhiteFideId "46617051"]
[BlackFideId "3506690"]
[WhiteElo "2270"]
[BlackElo "2541"]
[Result "0-1"]
[Round "09"]
[TimeControl "180+2"]
[Date "2023.04.04"]
[WhiteClock "0:01:08"]
[BlackClock "0:02:07"]

1. d4 Nf6 2. c4 e6 3. Nc3 Bb4 4. Bd2 d5 5. e3 O-O 6. Bd3 c5 7. cxd5 cxd4 8. exd4 exd5 9. Nge2 h6 10. O-O Nc6 11. a3 Bd6 12. h3 a6 13. Re1 Re8 14. Rc1 Be6 15. Bb1 Qd7 16. Bf4 Bf8 17. Bh2 Bf5 18. Bxf5 Qxf5 19. Qb3 b5 20. Rcd1 Na5 21. Qa2 Nc4 22. a4 b4 23. Nb1 Qc2 24. Nf4 b3 25. Qa1 Nxb2 26. Rc1 Nc4 27. Qc3 Qxc3 28. Nxc3 Rxe1+ 29. Rxe1 Bb4 0-1


[Site "https://www.chess.com"]

[Event "Titled Tuesday Blitz April 4 Early 2023"]
[White "Thomforde-Toates, Noah"]
[Black "Bachmann, Axel"]
[WhiteFideId "30951992"]
[BlackFideId "3700488"]
[WhiteElo "2702"]
[BlackElo "2605"]
[Result "0-1"]
[Round "09"]
[TimeControl "180+2"]
[Date "2023.04.04"]
[WhiteClock "0:00:10"]
[BlackClock "0:01:37"]

1. e4 Nc6 2. Nf3 d6 3. h3 Nf6 4. Nc3 g6 5. d4 Bg7 6. d5 Nb8 7. Be2 c6 8. O-O O-O 9. Be3 b6 10. a4 a6 11. Nd2 Bb7 12. dxc6 Nxc6 13. Nc4 Nd7 14. Nd5 b5 15. axb5 axb5 16. Rxa8 Bxa8 17. Ncb6 Nxb6 18. Bxb6 Qb8 19. Bxb5 Ne5 20. Nxe7+ Kh8 21. Nd5 Bxd5 22. Qxd5 Qxb6 23. c4 f5 24. Kh2 fxe4 25. Qxe4 Rxf2 26. Qa8+ Bf8 27. Rxf2 Qxf2 28. Qe4 Bh6 29. Qa8+ Kg7 30. Qb7+ Kf6 0-1


[Site "https://www.chess.com"]

[Event "Titled Tuesday Blitz April 4 Early 2023"]
[White "Antal, Gergely"]
[Black "Costachi, Mihnea"]
[WhiteFideId "717312"]
[BlackFideId "1217518"]
[WhiteElo "2471"]
[BlackElo "2456"]
[Result "1/2-1/2"]
[Round "09"]
[TimeControl "180+2"]
[Date "2023.04.04"]
[WhiteClock "0:00:11"]
[BlackClock "0:00:11"]

1. e4 e5 2. Nc3 Nf6 3. g3 Nc6 4. Bg2 g6 5. d3 Bg7 6. Nge2 O-O 7. O-O d6 8. h3 Be6 9. Nd5 Bxd5 10. exd5 Ne7 11. c4 c6 12. dxc6 bxc6 13. f4 exf4 14. Nxf4 Nf5 15. Kh2 d5 16. cxd5 cxd5 17. Ne2 Rb8 18. Rxf5 gxf5 19. Rb1 Re8 20. Nf4 Qa5 21. Bd2 Qxa2 22. Bc3 Qb3 23. Qf1 Rbd8 24. Bxf6 Bxf6 25. Nh5 Be5 26. Qxf5 Qb6 27. Ra1 Qg6 28. Qf3 Bd4 29. Ra4 Re3 30. Qf4 Qxh5 31. Rxd4 Re6 32. Qc7 Rde8 33. Rxd5 Qh6 34. Rd8 Qe3 35. Rxe8+ Rxe8 36. Qd6 Qe6 37. Qd4 Qe5 38. Qxa7 Qxb2 39. Qd7 Qe5 40. Qg4+ Kf8 41. d4 Qe6 42. Qh4 Kg7 43. d5 Qf6 44. Qg4+ Qg6 45. Qd4+ Qf6 46. Qg4+ Kf8 47. Qh5 Kg8 48. Qg4+ Qg6 49. Qd4 Rd8 50. Qc4 h6 51. Qe2 Kg7 52. Qd2 Qf6 53. Qe2 Rd6 54. Qg4+ Qg6 55. Qe4 Qf6 56. Qg4+ Qg6 57. Qe2 Qf6 58. Qg4+ 1/2-1/2


[Site "https://www.chess.com"]

[Event "Titled Tuesday Blitz April 4 Early 2023"]
[White "Zemlyanskii, Ivan"]
[Black "Danielyan, Vahe"]
[WhiteFideId "24249971"]
[BlackFideId "13304828"]
[WhiteElo "2419"]
[BlackElo "2423"]
[Result "1-0"]
[Round "09"]
[TimeControl "180+2"]
[Date "2023.04.04"]
[WhiteClock "0:00:43"]
[BlackClock "0:00:19"]

1. d4 Nf6 2. c4 e6 3. Bf4 d5 4. Nc3 Be7 5. e3 O-O 6. Nf3 c5 7. dxc5 Bxc5 8. Rc1 Qa5 9. a3 Ne4 10. Nd2 Nc6 11. Nb3 Qb6 12. cxd5 Na5 13. Nxc5 Nxc5 14. b4 Nab3 15. bxc5 Nxc5 16. Be2 exd5 17. O-O Rd8 18. Nxd5 Qa5 19. Rxc5 Qxc5 20. Nf6+ gxf6 21. Qxd8+ Kg7 22. Bh6+ Kg6 23. Bf4 Kg7 24. Bd6 Qc6 25. Qf8+ Kg6 26. Qg8+ Kf5 27. Qg4# 1-0


[Site "https://www.chess.com"]

[Event "Titled Tuesday Blitz April 4 Early 2023"]
[White "Flores, Diego"]
[Black "Belov, Alexei"]
[WhiteFideId "108049"]
[BlackFideId "4128206"]
[WhiteElo "2613"]
[BlackElo "2644"]
[Result "1-0"]
[Round "09"]
[TimeControl "180+2"]
[Date "2023.04.04"]
[WhiteClock "0:00:09"]
[BlackClock "0:00:10"]

1. c4 e6 2. Nf3 d5 3. g3 Nf6 4. Bg2 Be7 5. O-O O-O 6. b3 c5 7. e3 Nc6 8. Bb2 dxc4 9. bxc4 Qc7 10. Nc3 a6 11. Qe2 b6 12. d3 Bb7 13. Ne1 Rab8 14. f4 Rfd8 15. f5 Ne5 16. Bxb7 Rxb7 17. fxe6 fxe6 18. a4 Qc6 19. Ne4 Nxe4 20. Bxe5 Bf6 21. Nf3 Bxe5 22. Nxe5 Qd6 23. Qb2 Nf6 24. Rf4 Nd7 25. Nf7 Qe7 26. Nxd8 Qxd8 27. Raf1 Nf6 28. Qe5 Re7 29. d4 cxd4 30. exd4 Qc8 31. Rxf6 gxf6 32. Qxf6 Rg7 33. Qe5 Rf7 34. Rxf7 Kxf7 35. c5 bxc5 36. dxc5 Qb7 37. Qf4+ Ke8 38. Qc4 Kd7 39. Qd4+ Ke8 40. Kf2 Qc6 41. Qh8+ Ke7 42. Qxh7+ Kf6 43. Qh6+ Ke7 44. Qg7+ Ke8 45. Qd4 Qh1 46. h4 Qh2+ 47. Kf3 Qh1+ 48. Kg4 Qf1 49. Qe4 Qd1+ 50. Kg5 Qc1+ 51. Kg6 Qxc5 52. Qxe6+ Kd8 53. Qf6+ Ke8 54. h5 Qc2+ 55. Qf5 Qb3 56. Qe5+ Kf8 57. Qg7+ Ke8 58. Qe5+ Kf8 59. Qf6+ Ke8 60. Qh8+ Ke7 61. Qg7+ Ke8 62. Kh7 Qd5 63. Qg8+ Qxg8+ 64. Kxg8 Ke7 65. h6 Kf6 66. h7 Kg5 67. h8=Q Kg4 68. Qc3 1-0


[Site "https://www.chess.com"]

[Event "Titled Tuesday Blitz April 4 Early 2023"]
[White "Kowalczyk, Pawel"]
[Black "Rakhmatullaev, Almas"]
[WhiteFideId "1130641"]
[BlackFideId "14205793"]
[WhiteElo "2324"]
[BlackElo "2221"]
[Result "0-1"]
[Round "09"]
[TimeControl "180+2"]
[Date "2023.04.04"]
[WhiteClock "0:00:20"]
[BlackClock "0:00:05"]

1. e4 e5 2. Ne2 Nf6 3. Nbc3 Nc6 4. g3 Bb4 5. Bg2 O-O 6. O-O d6 7. a3 Bc5 8. h3 a6 9. Kh2 Nd4 10. d3 Ne8 11. Nxd4 Bxd4 12. Ne2 Bb6 13. f4 exf4 14. Nxf4 c6 15. Bd2 f5 16. Qe2 fxe4 17. Qxe4 Nf6 18. Qf3 g5 19. Nh5 Ng4+ 20. hxg4 Rxf3 21. Bxf3 Bd4 22. c3 Bh8 23. Rae1 Bd7 24. Bd1 Qb6 25. b4 Re8 26. Rxe8+ Bxe8 27. Bxg5 Bxh5 28. gxh5 Bxc3 29. Bg4 h6 30. Bxh6 Qd4 31. Be6+ Kh7 32. Bg5 Qe5 33. Bf5+ Kh8 34. Rf2 Bd4 35. Rf4 Qe2+ 36. Kh3 Be5 37. Bg4 Qe1 38. Bf3 Bxf4 39. Bxf4 d5 40. Kg4 Qe6+ 41. Kg5 Kg7 42. Kh4 Qf5 43. d4 Qf6+ 44. Kh3 Qxd4 45. h6+ Kh7 46. Bg4 Qe4 47. Kh4 d4 48. Kg5 Qg6+ 49. Kh4 d3 50. Bf3 Qf6+ 51. Kh5 Qf5+ 52. Kh4 d2 53. Bd1 Qd3 54. g4 Qd4 55. Kg5 Qd5+ 56. Kh4 Qe4 57. Kg5 Qd3 58. Kf6 Qc3+ 59. Kg5 Qc1 60. Bf3 d1=Q 61. Be4+ Kg8 62. h7+ Kf7 63. h8=Q Qxf4+ 64. Kxf4 Qd2+ 65. Ke5 Qc3+ 66. Kf5 Qxh8 0-1


[Site "https://www.chess.com"]

[Event "Titled Tuesday Blitz April 4 Early 2023"]
[White "Sieciechowicz, Marcin"]
[Black "Kollars, Dmitrij"]
[WhiteFideId "1130170"]
[BlackFideId "12909572"]
[WhiteElo "2302"]
[BlackElo "2584"]
[Result "0-1"]
[Round "09"]
[TimeControl "180+2"]
[Date "2023.04.04"]
[WhiteClock "0:00:04"]
[BlackClock "0:00:07"]

1. d4 Nf6 2. c4 e6 3. Nc3 Bb4 4. Qc2 b6 5. e4 c5 6. d5 Qe7 7. Ne2 exd5 8. exd5 O-O 9. Bd2 d6 10. O-O-O Ng4 11. Be1 f5 12. h3 Ne5 13. Nf4 Na6 14. Be2 Nc7 15. h4 a6 16. Na4 b5 17. Nb6 Rb8 18. Nxc8 Rbxc8 19. a3 Bxe1 20. Rhxe1 Qxh4 21. g3 Qf6 22. Ne6 Nxe6 23. dxe6 Qxe6 24. f4 Nf7 25. Bf3 Qxc4 26. Qxc4 bxc4 27. Re7 Rce8 28. Rde1 Rxe7 29. Rxe7 g5 30. Bd5 gxf4 31. gxf4 Kg7 32. Bxc4 a5 33. Kc2 h5 34. Kd2 h4 35. Ke2 Kg6 36. Re6+ Kh5 37. Rf6 Re8+ 38. Kf1 Nh6 39. Be2+ Rxe2 40. Kxe2 d5 41. Rd6 d4 42. Kf3 Ng4 43. Rd5 Ne3 44. Rxc5 h3 45. Rc8 Kg6 46. Rh8 Nd1 47. b4 axb4 48. axb4 Nc3 49. Rxh3 Kf6 50. Rh8 Ke6 51. Rd8 Nd5 52. b5 d3 53. b6 d2 54. Ke2 Nxb6 55. Rd4 Nd5 56. Kxd2 Kd6 57. Ke2 Kc5 58. Ra4 Kb5 59. Rd4 Kc5 60. Ra4 Nc3+ 0-1


[Site "https://www.chess.com"]

[Event "Titled Tuesday Blitz April 4 Early 2023"]
[White "Itgelt, Khuyagtsogt"]
[Black "Yeletsky, Ivan"]
[WhiteFideId "4902912"]
[BlackFideId "24180327"]
[WhiteElo "2227"]
[BlackElo "2422"]
[Result "1-0"]
[Round "09"]
[TimeControl "180+2"]
[Date "2023.04.04"]
[WhiteClock "0:00:17"]
[BlackClock "0:00:02"]

1. d4 b6 2. c4 Nf6 3. f3 d5 4. cxd5 Qxd5 5. e4 Qb7 6. Nc3 e6 7. Bb5+ c6 8. Bd3 Be7 9. Nge2 O-O 10. O-O c5 11. Be3 cxd4 12. Nxd4 e5 13. Nb3 Be6 14. Qe2 Rc8 15. Kh1 a6 16. Qf2 Nbd7 17. Rfd1 h6 18. Rac1 Rc7 19. Na4 Rxc1 20. Rxc1 Rb8 21. Qf1 Bxb3 22. axb3 b5 23. Nc3 Bc5 24. Nd1 Bxe3 25. Nxe3 g6 26. Bb1 Kg7 27. b4 Rc8 28. Ba2 Nb6 29. Rc5 Nbd7 30. Rc3 Rxc3 31. bxc3 Qb6 32. Qd3 a5 33. Nd5 Qf2 34. Qb1 a4 35. c4 bxc4 36. Bxc4 a3 37. b5 Qb2 38. Qxb2 axb2 39. Nc3 Nb6 40. Ba2 Nfd7 41. Kg1 Nc5 42. Kf1 Nba4 43. Nb1 Nd3 44. Bb3 Nb6 45. Bc2 Nb4 46. Bb3 f5 47. Ke2 Kf6 48. Kd2 fxe4 49. fxe4 Kg5 50. Kc3 Kf4 51. Kxb4 Kxe4 52. Kc5 Nd7+ 53. Kc6 Nb8+ 54. Kc7 Kd4 55. Kxb8 e4 56. b6 e3 57. Bd1 Kc5 58. b7 1-0


[Site "https://www.chess.com"]

[Event "Titled Tuesday Blitz April 4 Early 2023"]
[White "Domingo Nunez, Alejandro"]
[Black "Gharibyan, Mamikon"]
[WhiteFideId "22245561"]
[BlackFideId "13308300"]
[WhiteElo "2291"]
[BlackElo "2445"]
[Result "0-1"]
[Round "09"]
[TimeControl "180+2"]
[Date "2023.04.04"]
[WhiteClock "0:00:29"]
[BlackClock "0:01:01"]

1. Nf3 d5 2. g3 g6 3. Bg2 Bg7 4. d4 Nf6 5. O-O O-O 6. c4 c6 7. Qb3 a5 8. cxd5 a4 9. Qd1 cxd5 10. Nc3 Qa5 11. Bd2 Nc6 12. Ne5 Qb6 13. Nxd5 Nxd5 14. Bxd5 Nxe5 15. dxe5 Bh3 16. Bg2 Bxg2 17. Kxg2 Rfd8 18. Qe1 Qxb2 19. Bc3 Qc2 20. f4 Rac8 21. Rf3 e6 22. Bb4 Qe4 23. Bd6 Rc2 24. Kf2 Rxd6 25. exd6 Bxa1 26. d7 Bf6 27. Qd1 Qd4+ 28. Qxd4 Bxd4+ 29. Kf1 Bf6 30. Rd3 Bd8 0-1


[Site "https://www.chess.com"]

[Event "Titled Tuesday Blitz April 4 Early 2023"]
[White "Narayanan, Srinath"]
[Black "Bodnaruk, Anastasia"]
[WhiteFideId "5018420"]
[BlackFideId "4181751"]
[WhiteElo "2438"]
[BlackElo "2310"]
[Result "1-0"]
[Round "09"]
[TimeControl "180+2"]
[Date "2023.04.04"]
[WhiteClock "0:00:31"]
[BlackClock "0:00:04"]

1. Nf3 Nf6 2. c4 g6 3. d4 Bg7 4. g3 O-O 5. Bg2 d6 6. Nc3 Nc6 7. O-O e5 8. dxe5 dxe5 9. Bg5 Be6 10. Qa4 Qc8 11. Rad1 Nd7 12. Nd2 Nb6 13. Qc2 Nd4 14. Qd3 h6 15. Be7 Re8 16. Bc5 Rd8 17. Bxb6 axb6 18. Qb1 c6 19. b3 Bh3 20. e3 Bxg2 21. Kxg2 Ne6 22. Qc2 f5 23. h4 Nc5 24. h5 Qe6 25. hxg6 Qxg6 26. Nf3 e4 27. Nh4 Qf7 28. Ne2 Nd3 29. f3 Nb4 30. Qb1 Qe6 31. Nf4 Qe5 32. a3 Rxd1 33. Rxd1 Rxa3 34. Rd8+ Kh7 35. Qd1 Ra2+ 36. Kh3 Qb2 37. Qg1 Qxb3 38. Rd7 Kg8 39. Nxf5 Be5 40. Ng6 Bf6 41. Nxh6# 1-0


[Site "https://www.chess.com"]

[Event "Titled Tuesday Blitz April 4 Early 2023"]
[White "Seemann, Jakub"]
[Black "Timofeev, Artyom"]
[WhiteFideId "21874697"]
[BlackFideId "4140419"]
[WhiteElo "2364"]
[BlackElo "2586"]
[Result "0-1"]
[Round "09"]
[TimeControl "180+2"]
[Date "2023.04.04"]
[WhiteClock "0:00:01"]
[BlackClock "0:00:42"]

1. d4 d5 2. c4 e6 3. Nf3 c6 4. g3 dxc4 5. Bg2 b5 6. O-O Bb7 7. b3 cxb3 8. Qxb3 Nf6 9. a4 b4 10. a5 Qd5 11. Nbd2 Qxb3 12. Nxb3 Na6 13. Ne5 Nd5 14. Bd2 Bd6 15. Rfc1 Bxe5 16. dxe5 Rc8 17. Nc5 Nxc5 18. Rxc5 Ba6 19. e4 Nc3 20. Bxc3 bxc3 21. Rc1 Bb5 22. R1xc3 a6 23. Bf3 Ke7 24. Bd1 Rhd8 25. Bb3 Rd4 26. Bc4 Rxe4 27. Bxb5 axb5 28. Rxc6 Rxc6 29. Rxc6 Rxe5 30. a6 Re1+ 31. Kg2 Ra1 32. Rb6 b4 33. h4 h5 34. Rb7+ Kf6 35. a7 b3 36. Rxb3 Rxa7 37. Rc3 Ra4 38. Rb3 Kg6 39. Rc3 f6 40. Rb3 e5 41. Rb7 Ra8 42. Rc7 Rg8 43. Kf3 Kf5 44. Ke3 g6 45. Kf3 Ra8 46. Rc6 Ra3+ 47. Kg2 g5 48. hxg5 Kxg5 49. Rc8 Ra4 50. Rg8+ Kf5 51. Rh8 Kg6 52. Rg8+ Kh7 53. Rb8 h4 54. gxh4 Rxh4 55. Kf3 Kg6 56. Ke3 Kf5 57. Rb3 Rh3+ 58. f3 Rh2 59. Ra3 Rb2 60. Rc3 Ra2 61. Rb3 Ra4 62. Rc3 Kg5 63. Rb3 Kh4 64. Rb8 Kg5 65. Rb3 Kf5 66. Rc3 Ra1 67. Rb3 Rh1 68. Ra3 Rh3 69. Ra8 Ke6 70. Ra6+ Kf5 71. Ra3 Kg5 72. Ra8 f5 73. Rg8+ Kf6 74. Kf2 Rh2+ 75. Kg3 Ra2 76. Rb8 Ra3 77. Rf8+ Kg6 78. Rg8+ Kf7 79. Rb8 e4 80. Kf4 Rxf3+ 81. Ke5 e3 82. Rb1 f4 83. Kf5 e2 84. Re1 Rf2 85. Ke4 f3 0-1


[Site "https://www.chess.com"]

[Event "Titled Tuesday Blitz April 4 Early 2023"]
[White "Belozerov, Andrei"]
[Black "Zhao, Jun"]
[WhiteFideId "4120213"]
[BlackFideId "8602522"]
[WhiteElo "2373"]
[BlackElo "2547"]
[Result "1-0"]
[Round "09"]
[TimeControl "180+2"]
[Date "2023.04.04"]
[WhiteClock "0:00:17"]
[BlackClock "0:01:14"]

1. e4 d5 2. exd5 Qxd5 3. Nc3 Qd6 4. d4 Nf6 5. Nf3 c6 6. g3 Bg4 7. Bg2 e6 8. h3 Bh5 9. O-O Nbd7 10. Bf4 Qb4 11. Qd2 Be7 12. a3 Qb6 13. b4 O-O 14. g4 Bg6 15. Nh4 Nd5 16. Nxg6 hxg6 17. Bg3 a5 18. Na4 Qb5 19. Nc5 N7f6 20. c3 axb4 21. axb4 b6 22. Nd3 Nd7 23. Nb2 N5f6 24. Rfc1 Rxa1 25. Rxa1 c5 26. dxc5 bxc5 27. Qd3 Qxd3 28. Nxd3 cxb4 29. cxb4 Rb8 30. Bxb8 1-0


[Site "https://www.chess.com"]

[Event "Titled Tuesday Blitz April 4 Early 2023"]
[White "Adla, Diego"]
[Black "Samunenkov, Ihor"]
[WhiteFideId "100072"]
[BlackFideId "14187086"]
[WhiteElo "2377"]
[BlackElo "2457"]
[Result "1-0"]
[Round "09"]
[TimeControl "180+2"]
[Date "2023.04.04"]
[WhiteClock "0:00:33"]
[BlackClock "0:00:02"]

1. c4 c5 2. Nf3 Nc6 3. d4 cxd4 4. Nxd4 Nf6 5. Nc3 e6 6. g3 Qb6 7. Ndb5 d5 8. Bg2 a6 9. Be3 Qa5 10. Nd4 Bb4 11. O-O Bxc3 12. bxc3 O-O 13. cxd5 Nxd5 14. Nxc6 bxc6 15. Bd4 Rd8 16. Qb3 c5 17. Be5 Bd7 18. c4 Nb4 19. Bxa8 Rxa8 20. Bc3 Qc7 21. Bxb4 cxb4 22. Qxb4 h5 23. h4 Bc6 24. Qc5 Rc8 25. Rfd1 Qb7 26. Qxh5 Qb4 27. Rac1 Qb2 28. Kf1 Qb7 29. Qg5 Ba4 30. Rd8+ Rxd8 31. Qxd8+ Kh7 32. Qd3+ g6 33. Kg1 Qb2 34. Re1 Qxa2 35. h5 Bc6 36. hxg6+ fxg6 37. Qd4 Qc2 38. f3 a5 39. Kf2 a4 40. Rh1+ Kg8 41. Qh8+ 1-0


[Site "https://www.chess.com"]

[Event "Titled Tuesday Blitz April 4 Early 2023"]
[White "Janaszak, Dawid"]
[Black "Papasimakopoulos, Alexandros"]
[WhiteFideId "1119206"]
[BlackFideId "4244125"]
[WhiteElo "2220"]
[BlackElo "2359"]
[Result "0-1"]
[Round "09"]
[TimeControl "180+2"]
[Date "2023.04.04"]
[WhiteClock "0:00:01"]
[BlackClock "0:00:09"]

1. e4 e6 2. d4 d5 3. Bd3 c5 4. exd5 exd5 5. c3 Nc6 6. Nf3 Bg4 7. O-O cxd4 8. Qe1+ Be7 9. Nxd4 Nf6 10. Nf5 Bxf5 11. Bxf5 O-O 12. Nd2 Re8 13. Nf3 Bc5 14. Qd1 Ne4 15. Nd4 g6 16. Bxe4 Rxe4 17. Be3 Nxd4 18. cxd4 Bb6 19. Qd3 Qd7 20. a4 Rae8 21. Rfd1 Ba5 22. g3 h5 23. h4 Bc7 24. Bg5 Qf5 25. Kg2 f6 26. Be3 Bxg3 27. fxg3 Rxe3 28. Qxf5 gxf5 29. Rf1 Re2+ 30. Rf2 Rxf2+ 31. Kxf2 Re4 32. Rc1 f4 33. Rc8+ Kf7 34. gxf4 Rxd4 35. Rc7+ Kg6 36. Rxb7 Rxf4+ 37. Kg3 Rxa4 38. b4 d4 39. Kf4 a5 40. bxa5 Rxa5 41. Ke4 Ra4 42. Kd3 Ra3+ 43. Kxd4 Ra4+ 44. Ke3 Rxh4 45. Kf3 Rg4 46. Rb5 Rg5 47. Rb8 Ra5 48. Rh8 Kg5 49. Kg3 Ra3+ 50. Kg2 f5 51. Rb8 h4 52. Rb4 Rc3 53. Rd4 Re3 54. Rc4 Re4 55. Rc8 Kf4 56. Kh3 Kf3 57. Rf8 f4 58. Kxh4 Kg2 59. Kg4 f3+ 60. Kf5 Ra4 61. Rg8+ Kf1 62. Rf8 f2 63. Kg5 Re4 0-1


[Site "https://www.chess.com"]

[Event "Titled Tuesday Blitz April 4 Early 2023"]
[White "Manukyan, Artyom"]
[Black "Csonka, Balazs"]
[WhiteFideId "13305786"]
[BlackFideId "742910"]
[WhiteElo "2078"]
[BlackElo "2404"]
[Result "1-0"]
[Round "09"]
[TimeControl "180+2"]
[Date "2023.04.04"]
[WhiteClock "0:01:16"]
[BlackClock "0:00:05"]

1. e4 c5 2. Nc3 d6 3. f4 g6 4. Nf3 Bg7 5. Bc4 Nc6 6. O-O Na5 7. Bb5+ Bd7 8. Bxd7+ Qxd7 9. d3 Nc6 10. Be3 Nf6 11. h3 O-O 12. d4 cxd4 13. Nxd4 Rac8 14. Nf3 Rfd8 15. Qe1 Nb4 16. Rc1 b5 17. a3 Na6 18. Qh4 Rxc3 19. bxc3 Nxe4 20. Bd4 Nxc3 21. Bxg7 Kxg7 22. Rce1 f6 23. f5 Nc5 24. Nd4 a5 25. Qg3 b4 26. fxg6 hxg6 27. axb4 axb4 28. Rxe7+ Qxe7 29. Nf5+ Kf7 30. Nxe7 Kxe7 31. Qxg6 N3e4 32. Qg7+ Ke6 33. h4 Ke5 34. h5 Ne6 35. Qg4 Nd4 36. h6 f5 37. Qg7+ Kd5 38. Rd1 1-0


[Site "https://www.chess.com"]

[Event "Titled Tuesday Blitz April 4 Early 2023"]
[White "Drori, Saar"]
[Black "Xiong, Jeffery"]
[WhiteFideId "2812444"]
[BlackFideId "2047640"]
[WhiteElo "2322"]
[BlackElo "2726"]
[Result "1/2-1/2"]
[Round "09"]
[TimeControl "180+2"]
[Date "2023.04.04"]
[WhiteClock "0:00:16"]
[BlackClock "0:00:32"]

1. e4 e6 2. d4 d5 3. exd5 exd5 4. Nf3 Bd6 5. Bd3 Ne7 6. O-O Nbc6 7. c3 O-O 8. Re1 Bf5 9. Bg5 Qd7 10. Qc2 Bxd3 11. Qxd3 Nf5 12. Nbd2 h6 13. Bh4 Nxh4 14. Nxh4 Ne7 15. g3 Rae8 16. Nhf3 Ng6 17. Rxe8 Rxe8 18. Re1 Rxe1+ 19. Nxe1 c6 20. Ng2 Qe6 21. Ne3 Ne7 22. Nf3 g5 23. Kg2 f5 24. h3 Kf7 25. c4 f4 26. cxd5 cxd5 27. Ng4 Kg7 28. Nge5 fxg3 29. fxg3 Bxe5 30. Nxe5 Nc6 31. Nxc6 bxc6 32. g4 a5 33. b3 Qf6 34. Qa6 Qxd4 35. Qxc6 Qd2+ 36. Kf3 Qf4+ 37. Kg2 Qe4+ 38. Kf2 Qd4+ 39. Ke2 Qb2+ 40. Kf3 Qd2 41. Qd7+ Kf6 42. Qd6+ Kg7 43. Qd7+ Kf6 44. Qd6+ Kg7 45. Qd7+ 1/2-1/2


[Site "https://www.chess.com"]